 Dungeon Crawl Stone Soup version 0.17-a0-1793-gcbb3aa1 (webtiles) character file.

90 Folk the Magician (level 4, -2/29 HPs)
             Began as an Octopode Wizard on Sept 9, 2015.
             Slain by an orc wizard
             ... wielding a +2 dagger of venom
              (3 damage)
             ... on level 3 of the Dungeon on Sept 10, 2015.
             The game lasted 00:18:58 (2278 turns).

Folk the Magician (Octopode Wizard)                 Turns: 2278, Time: 00:18:58

Health: -2/29      AC:  1    Str:  6    XL:     4   Next: 56%
Magic:  1/10       EV: 12    Int: 21    God:
Gold:   118        SH:  0    Dex: 10    Spells: 4 memorised, 3 levels left

rFire  + . .     SeeInvis .     i - +1 whip (venom)
rCold  x . .     Clarity  .     (no shield)
rNeg   . . .     SustAt   .     a - +0 hat
rPois  .         Gourm    .     (no amulet)
rElec  .         Spirit   .     k - ring of fire
rCorr  .         Warding  .     (no ring)
rMut   .         Stasis   .     (no ring)
MR     .....                    (no ring)
Stlth  +++.......               (no ring)
                                (no ring)
                                (no ring)
                                (no ring)

@: hasted, very quick, not resistant to hostile enchantments, fairly stealthy
A: almost no armour, amphibious, 8 rings, constrict 8, camouflage 1, gelatinous
body 1
a: no special abilities


You were on level 3 of the Dungeon.
You were not hungry.

You visited 1 branch of the dungeon, and saw 3 of its levels.

You collected 118 gold pieces.

Inventory:

Hand weapons
 i - a +1 whip of venom (weapon)
Armour
 a - a +0 hat (worn)
Jewellery
 k - a ring of fire (left tentacle)
 m - an uncursed amulet of guardian spirit {unknown}
Scrolls
 f - a scroll of enchant armour {unknown}
 h - a scroll of teleportation
 l - a scroll of magic mapping {unknown}
Potions
 j - a potion of agility {unknown}
Books
 b - a book of Minor Magic

   Spells                             Type                      Level
   a - Magic Dart                     Conjuration                  1
   b - Blink                          Translocation                2
   c - Call Imp                       Summoning                    2
   d - Repel Missiles                 Charms/Air                   2
   e - Slow                           Hexes                        2
   f - Conjure Flame                  Conjuration/Fire             3
   g - Mephitic Cloud                 Conjuration/Poison/Air       3
Comestibles
 c - 3 bread rations
 d - a slice of pizza


   Skills:
 + Level 1.9 Fighting
 - Level 2.0 Dodging
 - Level 2.6 Stealth
 * Level 4.0 Spellcasting
 + Level 2.0 Conjurations
 - Level 1.0 Summonings
 - Level 1.0 Translocations


You had 3 spell levels left.
You knew the following spells:

 Your Spells              Type           Power        Failure   Level  Hunger
a - Magic Dart            Conj           ##..         6%          1    None
b - Call Imp              Summ           #.......     12%         2    #......
c - Blink                 Tloc           N/A          12%         2    #......
d - Mephitic Cloud        Conj/Pois/Air  #.......     30%         3    ###....


Dungeon Overview and Level Annotations

Branches:
Dungeon (3/15)

Altars:

Annotations:
D:3 Terence


Innate Abilities, Weirdness & Mutations

You cannot wear most types of armour.
You are amphibious.
You can wear up to eight rings at the same time.
You can use your tentacles to constrict eight enemies at once.
Your skin changes colour to match your surroundings (Stealth).
Your rubbery body absorbs attacks (AC +1).


Message History

Something hits you.
A magic dart appears from out of thin air!
The magic dart hits you!
* * * LOW HITPOINT WARNING * * *
Your surroundings suddenly seem different.
The orc wizard mumbles some strange words.
The orc wizard seems to speed up.
A giant gecko comes into view.
Casting: Mephitic Cloud
Confirm with . or Enter, or press ? or * to list all spells.
You blink.
The orc barely misses you.
Casting: Blink
Confirm with . or Enter, or press ? or * to list all spells.
You blink.
The orc wizard gestures at you while chanting.
The magic dart hits you!
* * * LOW HITPOINT WARNING * * *
It was a potion of haste.
You feel yourself speed up.
The orc wizard hits you with a dagger of venom.
You die...

#..# #..##########
###............
#..>...l.......
#..##.....#
#.......[.# ..
#....@.(..#
....#....oo..#######
#..........).....#
######...ยง..#####.#
.................#.#
##########...###.#.#
.........#.#
.......#..#o#
........#..#.#


You could see an orc wizard, an orc and a giant gecko.

Vanquished Creatures
  An adder (D:3)
  A gnoll (D:1)
  2 oozes
  A giant gecko (D:2)
  2 ball pythons (D:1)
  9 bats
  5 goblins
  2 hobgoblins (D:1)
  3 jackals (D:1)
  3 giant cockroaches
  A giant newt (D:2)
  10 kobolds
  8 rats
48 creatures vanquished.

Vanquished Creatures (collateral kills)
  Jessica (D:3)
  2 jackals (D:1)
  A giant newt (D:1)
4 creatures vanquished.

Grand Total: 52 creatures vanquished

Notes
Turn   | Place    | Note
--------------------------------------------------------------
     0 | D:1      | Folk the Octopode Wizard began the quest for the Orb.
     0 | D:1      | Reached XP level 1. HP: 11/11 MP: 4/4
    41 | D:1      | Reached XP level 2. HP: 6/18 MP: 0/6
   623 | D:1      | Reached skill level 1 in Fighting
   884 | D:1      | Reached XP level 3. HP: 20/23 MP: 0/8
  1037 | D:1      | Learned a level 2 spell: Call Imp
  1040 | D:1      | Learned a level 2 spell: Blink
  1044 | D:1      | Learned a level 3 spell: Mephitic Cloud
  1392 | D:2      | Upgraded the game from 0.17-a0-1787-g4aeb8be to 0.17-a0-1793-gcbb3aa1
  1733 | D:2      | Reached XP level 4. HP: 28/28 MP: 7/9
  2144 | D:3      | Reached skill level 4 in Spellcasting
  2145 | D:3      | Noticed Terence
  2242 | D:3      | Noticed Jessica
  2249 | D:3      | Killed Jessica
  2277 | D:3      | HP: 1/29 [orc wizard/magic dart (6)]
  2278 | D:3      | Slain by an orc wizard

Vault maps used:
D:1:      scummos_arrival_checkerplants, grunt_decor_one_mirror, st_stairs_11,
          grunt_decor_fettered
D:3:      uniq_terence, uniq_jessica, uniq_iyjb

Action                   |  1- 3 |  4- 6 || total
-------------------------+-------+-------++-------
Melee: Unarmed           |     5 |       ||     5
       Whip              |    39 |     5 ||    44
 Cast: Magic Dart        |    76 |    14 ||    90
       Call Imp          |     3 |     2 ||     5
       Blink             |       |     2 ||     2
       Mephitic Cloud    |       |     1 ||     1
  Use: Scroll            |     3 |     1 ||     4
       Potion            |       |     2 ||     2
 Stab: Sleeping          |     1 |       ||     1
  Eat: Chunk             |     3 |       ||     3
       Bread ration      |       |     1 ||     1
